AoeStats
← 海旋风

Four Lakes

503626990Analyzed
4v4 RM · 1mo ago on Sep 1, 2026· 43m 26s· 8 players
Game mode
Random Map
Map size
Large (8 player)
Population
200
Speed
Normal
Resources
Standard
Victory
Conquest
Starting age
Dark Age
Ending age
Imperial Age
RankedLock teamsTeams togetherTeam positionsShared explorationLock speedFull tech treeHidden civsTurbo modeCheats
Victory
Defeat
🇮🇳 Malay · India
839
+10
🇨🇳 Franks · China
773
+13
🇨🇳 Aztecs · China
700
+16
🇨🇳 Mongols · China
669
+17
🇫🇷 Georgians · France
837
-20
🇫🇷 Poles · France
817
-27
🇧🇷 Saracens · Brazil
574
-9
🇪🇸 Byzantines · Spain
560
-8
阿巴阿巴阿巴
11:38 Feudal Age
12:30 Double-Bit Axe
18:32 Castle Age
22:07 Bow Saw
21:40 Horse Collar
22:44 Stone Mining
22:45 Gold Mining
25:34 Stone Shaft Mining
25:35 Gold Shaft Mining
25:30 Heavy Plow
31:02 Ballistics
30:45 Padded Archer Armor
30:35 Fletching
33:45 Imperial Age
32:17 Scale Barding Armor
32:08 Bodkin Arrow
32:31 Husbandry
32:42 Bloodlines
32:40 Thumb Ring
34:42 Wheelbarrow
34:00 Town Watch
34:35 Leather Archer Armor
34:41 Chain Barding Armor
34:50 Conscription
36:27 Chemistry
35:30 Bracer
35:59 Parthian Tactics
35:52 Caravan
36:22 Coinage
37:12 Coinage
39:05 Banking
38:31 Elite Mangudai
StudbooSenpai
0:39 Loom
13:10 Feudal Age
12:51 Double-Bit Axe
14:37 Fishing Lines
18:00 Castle Age
16:33 Forging
17:39 Scale Barding Armor
17:40 Husbandry
17:41 Gillnets
19:25 Iron Casting
19:25 Bow Saw
21:40 Clinker Construction
22:52 Gold Mining
24:09 Wheelbarrow
24:20 Gold Shaft Mining
29:08 Imperial Age
29:53 Blast Furnace
28:15 Elite Battle Elephant
29:22 Medium Warships
35:11 Heavy Warships
35:06 Fletching
40:50 Bodkin Arrow
40:55 Padded Archer Armor
41:50 Thumb Ring
41:06 Elite Skirmisher
42:45 Bracer
43:01 Leather Archer Armor
yg13382939557
1:21 Loom
10:51 Feudal Age
15:15 Man-at-Arms
22:05 Castle Age
20:37 Forging
21:13 Scale Mail Armor
22:43 Wheelbarrow
24:06 Iron Casting
24:14 Long Swordsman
35:43 Fletching
海旋风
3:36 Loom
12:51 Feudal Age
14:38 Double-Bit Axe
15:52 Wheelbarrow
19:32 Castle Age
21:12 Bow Saw
21:29 Light Cavalry
22:11 Husbandry
22:33 Hand Cart
32:32 Imperial Age
30:38 Gold Mining
30:38 Stone Mining
31:31 Town Watch
33:15 Forging
33:51 Town Patrol
37:58 Cavalier
39:36 Paladin
42:15 Heavy Scorpion
maxoog93
2:36 Loom
14:30 Feudal Age
15:02 Double-Bit Axe
15:06 Fishing Lines
19:30 Forging
19:26 Scale Barding Armor
21:37 Castle Age
20:14 Bloodlines
21:38 Light Cavalry
22:18 Husbandry
26:04 Bow Saw
29:00 Wheelbarrow
28:42 Horse Collar
37:43 Pikeman
38:12 Gambesons
38:29 Squires
darkjafar87
11:02 Loom
12:53 Feudal Age
15:03 Double-Bit Axe
15:48 Horse Collar
18:22 Wheelbarrow
20:59 Castle Age
22:52 Fletching
23:52 Bodkin Arrow
26:24 Ballistics
25:47 Treadmill Crane
JuananRoca
10:58 Feudal Age
12:02 Double-Bit Axe
16:36 Wheelbarrow
18:39 Horse Collar
21:04 Gold Mining
21:05 Stone Mining
23:25 Castle Age
Perones
0:31 Loom
11:09 Feudal Age
12:26 Wheelbarrow
11:34 Horse Collar
12:46 Double-Bit Axe
17:21 Stone Mining
17:23 Gold Mining
21:19 Castle Age
22:11 Heavy Plow
22:29 Hand Cart
25:27 Bow Saw
28:33 Scale Mail Armor
28:44 Forging
29:32 Chain Mail Armor
29:23 Scale Barding Armor
29:48 Pikeman
31:13 Gambesons
31:29 Squires
33:33 Iron Casting
33:19 Chain Barding Armor
39:21 Fletching
Connection lost

Rejoining the realm…

Still unreachable

The connection could not be restored.

Session expired

The server has moved on; the page needs a fresh start.